 Dungeon Crawl Stone Soup version 0.16.2-12-gd0ad4c3 (webtiles) character file.

59969 faibistes the Eclecticist (level 14, -5/82 HPs)
             Began as a Deep Elf Wizard on Oct 10, 2018.
             Was the Champion of Sif Muna.
             Slain by a seven-headed hydra (8 damage)
             ... on level 7 of the Lair of Beasts on Oct 11, 2018.
             The game lasted 01:42:13 (30199 turns).

faibistes the Eclecticist (Deep Elf Wizard)        Turns: 30199, Time: 01:42:13

Health: -5/82      AC: 14    Str:  4    XL:     14   Next: 55%
Magic:  31/47      EV: 18    Int: 29    God:    Sif Muna [******]
Gold:   1137       SH:  0    Dex: 15    Spells: 11 memorised, 14 levels left

rFire  + . .     SeeInvis .     w - +5 dagger (elec)
rCold  + . .     Clarity  .     I - +1 robe {rC+}
rNeg   . . .     SustAb   .     (no shield)
rPois  .         Gourm    .     m - +2 hat
rElec  .         Spirit   .     A - +2 cloak {MR+}
rCorr  +         Warding  .     b - +2 pair of gloves
rMut   .         Stasis   .     P - +2 pair of boots
MR     ++...                    Q - amulet of resist corrosion
Stlth  ++........               h - ring of protection from fire
                                s - ring of magical power

@: repel missiles, very resistant to hostile enchantments, unstealthy
A: agile 1
a: Channel Energy, Forget Spell, Renounce Religion


You were on level 7 of the Lair of Beasts.
You worshipped Sif Muna.
Sif Muna was exalted by your worship.
You were not hungry.

You visited 3 branches of the dungeon, and saw 19 of its levels.

You collected 1199 gold pieces.
You spent 62 gold pieces at shops.

Inventory:

Hand weapons
 u - a +4 dagger of protection
 w - a +5 dagger of electrocution (weapon)
 y - the +4 great sword of the Revolution {flame, rElec Str+2 Dex-4 Stlth+}
   (You found it on level 4 of the Lair of Beasts)

   It has been specially enchanted to burn those struck by it, causing extra
   injury to most foes and up to half again as much damage against particularly
   susceptible opponents.
   Big, fiery blades are also staple armaments of hydra-hunters.
   It affects your strength (+2).
   It affects your dexterity (-4).
   It insulates you from electricity.
   It makes you more stealthy.
Armour
 b - a +2 pair of gloves (worn)
 m - a +2 hat (worn)
 A - a +2 cloak of magic resistance (worn)
 I - a +1 robe of cold resistance (worn)
 P - a +2 pair of boots (worn)
 R - a +0 robe of positive energy
Rods
 J - a +0 rod of inaccuracy (10/10)
   (You found it on level 7 of the Dungeon)
Jewellery
 a - an uncursed ring of flight
 f - a +1 ring of protection
 h - a ring of protection from fire (right hand)
 s - a ring of magical power (left hand)
 M - an uncursed ring of magical power
 Q - an amulet of resist corrosion (around neck)
 W - an uncursed ring of see invisible
Magical devices
 c - a wand of draining (3)
 p - a wand of disintegration (9)
 t - a wand of polymorph (4)
 v - a wand of confusion (23)
 x - a wand of teleportation (2)
 C - a wand of flame (42)
 H - a wand of digging (10)
 L - a wand of slowing (21)
 N - a wand of confusion (23)
 Y - a wand of fire (10)
Scrolls
 j - 17 scrolls of remove curse
 D - a scroll of enchant armour
 G - a scroll of magic mapping
 O - 3 scrolls of fog
 V - 7 scrolls of identify
Potions
 g - 2 potions of heal wounds
 k - 3 potions of flight
 o - 2 potions of cancellation
 z - 4 potions of brilliance
 E - 2 potions of curing
 F - 4 potions of restore abilities
 K - a potion of haste
 X - a potion of ambrosia
Books
 e - Sif Muna's Almanac of Confrontation
   (Sif Muna gifted it to you on level 8 of the Lair of Beasts)

   Spells                             Type                      Level
   a - Sting                          Conjuration/Poison           1
   b - Searing Ray                    Conjuration                  2
   c - Mephitic Cloud                 Conjuration/Poison/Air       3
   d - Delayed Fireball               Conjuration/Fire             7
Miscellaneous
 r - a phial of floods
Comestibles
 d - 13 bread rations
 i - 5 fruits
 l - 5 slices of pizza
 n - 7 meat rations
 B - 8 beef jerkies


   Skills:
 + Level 7.1 Fighting
 - Level 10.2 Dodging
 - Level 2.4 Stealth
 * Level 15.5 Spellcasting
 * Level 10.4 Conjurations
 - Level 7.0 Charms
 - Level 1.1 Summonings
 - Level 7.3 Translocations
 * Level 10.3 Fire Magic
 - Level 2.6 Air Magic
 - Level 3.2 Poison Magic
 * Level 9.8 Invocations
 + Level 8.9 Evocations


You had 14 spell levels left.
You knew the following spells:

 Your Spells              Type           Power        Failure   Level  Hunger
a - Magic Dart            Conj           ####         1%          1    None
b - Conjure Flame         Conj/Fire      ######..     1%          3    None
c - Call Imp              Summ           ####....     2%          2    None
d - Blink                 Tloc           N/A          1%          2    None
e - Mephitic Cloud        Conj/Pois/Air  ######..     1%          3    None
f - Repel Missiles        Chrm/Air       ######       1%          2    None
g - Teleport Other        Tloc           ######..     1%          3    None
h - Passage of Golubria   Tloc           N/A          1%          4    None
i - Iskenderun's Battles  Conj/Chrm      ######..     1%          5    None
j - Searing Ray           Conj           ######       1%          2    None
x - Dazzling Spray        Conj/Hex       ######..     1%          3    None


Dungeon Overview and Level Annotations

Branches:
Dungeon (10/15)            Temple (1/1) D:6            Lair (8/8) D:9
  Swamp (0/5) Lair:5        Snake (0/5) Lair:5        Slime (0/6) Lair:8
    Orc (0/4) D:9

Altars:
Ashenzari
Cheibriados
Dithmenos
Elyvilon
Fedhas
Gozag
Kikubaaqudgha
Makhleb
Nemelex Xobeh
Okawaru
Qazlal
Ru
Sif Muna
Trog
Vehumet
Xom
Yredelemnul
Zin
The Shining One

Shops:
D:6 *   D:7 ?


Innate Abilities, Weirdness & Mutations

You are agile. (Dex +2)


Message History

Confirm with . or Enter, or press ? or * to list all spells.
You blink.
The seven-headed hydra is engulfed in roaring flames.
Casting: Blink
Confirm with . or Enter, or press ? or * to list all spells.
Aiming: Dazzling Spray
Press: ? - help, Shift-Dir - straight line, f - seven-headed hydra
Aim: a seven-headed hydra (heavily wounded)
The spray of energy hits the seven-headed hydra.
The seven-headed hydra is severely wounded.
Unknown command.
The seven-headed hydra barely misses you.
The seven-headed hydra closely misses you.
The seven-headed hydra bites you but does no damage.
The seven-headed hydra bites you!
* * * LOW HITPOINT WARNING * * *
The seven-headed hydra misses you.
The seven-headed hydra closely misses you.
The seven-headed hydra bites you!
You die...

...P...............P#......##
....................#P......#
#.##................#.....P##
.#####..........§†.#.#....##
## #............§.........#
###..........§.........#
##..............#.....##
##.......(...D...#......#
#..#.........@..##......##
#.#..............#.......##
##.##.............##.......#
##.###..............#.......#
##................PP........##
#.####...........P.P#.......#
### #..............##....#.#
#..............##....### #
####.............##.....##


You could see a seven-headed hydra.

Vanquished Creatures
  6 hydras
  Harold (Lair:1)
  3 catoblepae
  An ogre mage (D:9)
  14 death yaks
  A fire crab (Lair:8)
  A wizard (D:9)
  A hill giant (D:9)
  A manticore (D:9)
  4 griffons
  An oklob plant (Lair:8)
  18 elephants
  5 black mambas
  14 spiny frogs
  A fire drake (Lair:7)
  A queen ant (Lair:3)
  7 komodo dragons
  A two-headed ogre (D:8)
  3 polar bears
  Grinder (D:6)
  Prince Ribbit (Lair:2)
  A basilisk (Lair:8)
  4 slime creatures (Lair:8)
  A wyvern (Lair:4)
  23 blink frogs
  A wraith (D:9)
  24 yaks
  12 hippogriffs
  Eustachio (D:6)
  2 deep elf magi (D:9)
  3 vampire mosquitoes (Lair:5)
  A steam dragon (Lair:7)
  15 water moccasins
  9 soldier ants (Lair:3)
  4 nagas (Lair:5)
  An orc warrior (D:9)
  19 wolves
  10 porcupines
  An ice beast (D:6)
  3 phantoms
  3 centaurs
  A sky beast (D:8)
  3 ogres
  A necrophage (D:8)
  20 crocodiles
  Duvessa (D:9)
  2 boring beetles
  Blork the orc (D:6)
  19 giant frogs
  A scorpion (D:7)
  2 electric eels
  14 wights
  Dowan (D:9)
  3 crimson imps
  5 goliath beetles
  4 orc priests
  7 iguanas
  Crazy Yiuf (D:5)
  2 giant frog skeletons
  A centaur skeleton (D:7)
  4 hell rats
  11 hounds
  8 orc wizards
  Natasha (twice) (D:4)
  20 worker ants
  6 sheep (Lair:8)
  A hound skeleton (D:9)
  A mummy (D:7)
  3 gnolls (D:8)
  66 river rats
  23 adders
  A giant mite (D:4)
  2 shadow imps
  5 worms
  2 adder skeletons
  2 giant geckos
  An ooze (D:3)
  27 orcs
  15 bats
  10 giant cockroaches
  12 goblins
  18 hobgoblins
  12 jackals
  17 kobolds
  16 quokkas
  A ball python (D:1)
  A giant gecko skeleton (D:4)
  8 giant newts
  A giant spore (D:8)
  2 quokka skeletons
  13 rats
  A ballistomycete (D:8)
  4 fungi
  2 plants
631 creatures vanquished.

Vanquished Creatures (collateral kills)
  A water moccasin (Lair:1)
  An orc warrior (D:9)
  A giant frog (D:6)
  2 worker ants (Lair:3)
  Ijyb (D:6)
  7 river rats (Lair:1)
  A white imp (D:9)
  2 orcs
  A giant cockroach (D:1)
  A bat (D:1)
  A kobold (D:1)
19 creatures vanquished.

Vanquished Creatures (others)
  A water moccasin (Lair:8)
  An ogre (D:7)
  5 crimson imps
  An iron imp (Lair:1)
  A worker ant (Lair:3)
  3 shadow imps (D:9)
  3 white imps
  An orc (D:3)
  2 bushes
  39 fungi
  35 plants
92 creatures vanquished.

Grand Total: 742 creatures vanquished

Notes
Turn   | Place    | Note
--------------------------------------------------------------
     0 | D:1      | faibistes, the Deep Elf Wizard, began the quest for the Orb.
     0 | D:1      | Reached XP level 1. HP: 10/10 MP: 6/6
   477 | D:1      | Reached XP level 2. HP: 15/15 MP: 7/10
   481 | D:1      | Learned a level 2 spell: Blink
   484 | D:1      | Learned a level 2 spell: Call Imp
   620 | D:2      | Found a radiant altar of Vehumet.
   709 | D:2      | Reached XP level 3. HP: 19/19 MP: 5/13
   717 | D:2      | Learned a level 3 spell: Conjure Flame
   721 | D:2      | Learned a level 3 spell: Mephitic Cloud
   843 | D:2      | Reached skill level 5 in Spellcasting
  1774 | D:2      | Reached XP level 4. HP: 24/24 MP: 17/17
  1780 | D:2      | Learned a level 2 spell: Repel Missiles
  1996 | D:2      | Found an iron altar of Okawaru.
  2267 | D:2      | Found a white marble altar of Elyvilon.
  3354 | D:3      | Reached XP level 5. HP: 15/28 MP: 17/20
  3562 | D:3      | Reached skill level 6 in Spellcasting
  3869 | D:4      | Found a blossoming altar of Fedhas.
  4493 | D:4      | Reached XP level 6. HP: 16/32 MP: 17/22
  4759 | D:4      | Found a shadowy altar of Dithmenos.
  4885 | D:5      | Entered Level 5 of the Dungeon
  4900 | D:5      | Reached skill level 1 in Fighting
  4900 | D:5      | Reached skill level 7 in Spellcasting
  5023 | D:4      | Noticed Natasha
  5027 | D:4      | Killed Natasha
  5094 | D:6      | Noticed Blork the orc
  5094 | D:6      | Noticed a water moccasin
  5097 | D:6      | Found Yma Nes' General Store.
  5102 | D:6      | Killed a water moccasin
  5102 | D:6      | Reached skill level 1 in Evocations
  5102 | D:6      | Reached XP level 7. HP: 21/39 MP: 25/25
  5163 | D:6      | Killed Blork the orc
  5193 | D:6      | Bought a scroll of identify for 24 gold pieces
  5499 | D:4      | Noticed Natasha
  5506 | D:4      | Killed Natasha
  5676 | D:5      | Noticed Crazy Yiuf
  5684 | D:5      | Killed Crazy Yiuf
  5684 | D:5      | Reached skill level 8 in Spellcasting
  5783 | D:5      | Found a sparkling altar of Nemelex Xobeh.
  5814 | D:5      | Found a glowing golden altar of the Shining One.
  6154 | D:5      | Found a shimmering altar of Xom.
  6643 | D:6      | Noticed Grinder
  6670 | D:6      | Killed Grinder
  6670 | D:6      | Reached skill level 5 in Dodging
  6670 | D:6      | Reached XP level 8. HP: 20/46 MP: 28/28
  6881 | D:6      | Reached skill level 9 in Spellcasting
  7028 | D:6      | Noticed Ijyb
  7149 | D:6      | Killed Ijyb
  7235 | D:6      | Gained mutation: You are agile. (Dex +2) [potion of beneficial mutation]
  7692 | D:6      | Found a staircase to the Ecumenical Temple.
  7701 | Temple   | Entered the Ecumenical Temple
  7709 | Temple   | Became a worshipper of Sif Muna the Loreminder
  7863 | D:6      | Noticed Eustachio
  7893 | D:6      | Killed Eustachio
  7893 | D:6      | Reached skill level 10 in Spellcasting
  7893 | D:6      | Reached skill level 1 in Fire Magic
  8114 | D:8      | Reached XP level 9. HP: 52/52 MP: 30/30
  8166 | D:7      | Identified a +0 rod of inaccuracy (10/10) (You found it on level 7 of the Dungeon)
  8245 | D:7      | Found Cinurouti's Magic Scroll Shoppe.
  8251 | D:7      | Bought a scroll of magic mapping for 38 gold pieces
  8293 | D:7      | Reached skill level 1 in Air Magic
  8293 | D:7      | Reached skill level 1 in Poison Magic
  8497 | D:7      | Acquired Sif Muna's first power
  9051 | D:8      | Reached skill level 5 in Conjurations
  9116 | D:9      | Found a staircase to the Orcish Mines.
  9132 | D:10     | Entered Level 10 of the Dungeon
  9462 | D:8      | Acquired Sif Muna's second power
  9720 | D:8      | Reached skill level 11 in Spellcasting
  9989 | D:8      | Found a stormy altar of Qazlal.
 10077 | D:8      | Found a glowing silver altar of Zin.
 10241 | D:8      | Reached XP level 10. HP: 51/57 MP: 32/32
 10631 | D:9      | Reached skill level 1 in Charms
 10783 | D:9      | Noticed a manticore
 10816 | D:9      | Killed a manticore
 10816 | D:9      | Reached skill level 1 in Invocations
 11034 | D:9      | Noticed a hill giant
 11054 | D:9      | Killed a hill giant
 11318 | D:9      | Found a shimmering altar of Xom.
 11330 | D:9      | Found a staircase to the Lair.
 11331 | D:9      | Noticed a komodo dragon
 11371 | D:9      | Killed a komodo dragon
 11785 | D:9      | Noticed Dowan
 11792 | D:9      | Noticed Duvessa
 11811 | D:9      | Killed Duvessa
 11869 | D:9      | Killed Dowan
 12560 | D:9      | Noticed a wizard
 12584 | D:9      | Killed a wizard
 12584 | D:9      | Reached skill level 12 in Spellcasting
 12669 | D:9      | Noticed an ogre mage
 12682 | D:9      | Killed an ogre mage
 12682 | D:9      | Acquired Sif Muna's third power
 12914 | D:9      | Reached XP level 11. HP: 57/62 MP: 34/34
 13015 | D:9      | Noticed a hill giant
 13045 | Lair:1   | Entered Level 1 of the Lair of Beasts
 13203 | Lair:1   | Noticed Harold
 13226 | Lair:1   | Killed Harold
 13239 | Lair:1   | Reached skill level 5 in Fire Magic
 14169 | Lair:1   | Reached skill level 5 in Fighting
 14604 | Lair:1   | Reached skill level 5 in Evocations
 14845 | Lair:1   | Reached skill level 5 in Invocations
 15070 | Lair:1   | Reached skill level 5 in Charms
 15082 | Lair:1   | Reached skill level 5 in Translocations
 15793 | Lair:2   | Noticed Prince Ribbit
 15805 | Lair:2   | Killed Prince Ribbit
 16006 | Lair:2   | Reached skill level 13 in Spellcasting
 16150 | Lair:2   | Learned a level 3 spell: Dazzling Spray
 16639 | Lair:3   | Noticed an eight-headed hydra
 16652 | Lair:3   | Killed an eight-headed hydra
 17149 | Lair:3   | Reached XP level 12. HP: 68/68 MP: 35/35
 18114 | Lair:4   | Got an ancient great sword
 18115 | Lair:4   | Identified the +4 great sword of the Revolution {flame, rElec Str+2 Dex-4 Stlth+} (You found it on level 4 of the Lair of Beasts)
 20188 | Lair:4   | Received a gift from Sif Muna
 20197 | Lair:4   | Identified Sif Muna's Volume of Displacement (Sif Muna gifted it to you on level 4 of the Lair of Beasts)
 20958 | Lair:5   | Learned a level 3 spell: Teleport Other
 21027 | Lair:5   | Found a staircase to the Snake Pit.
 21635 | Lair:5   | Found a staircase to the Swamp.
 22330 | Lair:6   | Noticed a five-headed hydra
 22339 | Lair:6   | Killed a five-headed hydra
 22339 | Lair:6   | Reached XP level 13. HP: 74/74 MP: 33/36
 22491 | Lair:6   | Reached skill level 14 in Spellcasting
 23394 | Lair:8   | Entered Level 8 of the Lair of Beasts
 23882 | Lair:7   | Reached skill level 10 in Dodging
 25293 | Lair:7   | Received a gift from Sif Muna
 25315 | Lair:7   | Identified Kyufu's Grimoire of Orientation (Sif Muna gifted it to you on level 7 of the Lair of Beasts)
 25414 | Lair:7   | Learned a level 4 spell: Passage of Golubria
 25503 | Lair:7   | Identified Smubuefa's Incunabulum of Confrontation and Ice (You found it on level 7 of the Lair of Beasts)
 25510 | Lair:7   | Learned a level 5 spell: Iskenderun's Battlesphere
 26763 | Lair:8   | Reached XP level 14. HP: 20/80 MP: 1/38
 27160 | Lair:8   | Found a staircase to the Slime Pits.
 27383 | Lair:8   | Reached skill level 15 in Spellcasting
 27544 | Lair:8   | Found a shattered altar of Ashenzari.
 28170 | Lair:8   | Reached skill level 10 in Conjurations
 28726 | Lair:8   | Reached skill level 10 in Fire Magic
 29818 | Lair:8   | Received a gift from Sif Muna
 29819 | Lair:8   | Identified Sif Muna's Almanac of Confrontation (Sif Muna gifted it to you on level 8 of the Lair of Beasts)
 29859 | Lair:7   | Learned a level 2 spell: Searing Ray
 30199 | Lair:7   | HP: 3/82 [seven-headed hydra (14)]
 30199 | Lair:7   | Slain by a seven-headed hydra

Action                   |  1- 3 |  4- 6 |  7- 9 | 10-12 | 13-15 || total
-------------------------+-------+-------+-------+-------+-------++-------
Melee: Unarmed           |     8 |       |       |       |       ||     8
       Hand axe          |       |    23 |    71 |       |       ||    94
       Dagger            |       |       |     4 |   265 |   217 ||   486
 Cast: Magic Dart        |    89 |   180 |   432 |   682 |   188 ||  1571
       Call Imp          |     1 |     4 |     2 |    54 |       ||    61
       Blink             |     1 |     6 |     6 |    24 |    27 ||    64
       Conjure Flame     |       |     8 |    45 |    92 |   123 ||   268
       Mephitic Cloud    |       |    12 |    30 |    82 |    28 ||   152
       Repel Missiles    |       |     1 |     1 |     1 |       ||     3
       Dazzling Spray    |       |       |       |   135 |   201 ||   336
       Iskenderun's Batt |       |       |       |       |    22 ||    22
Invok: Channel Energy    |       |       |       |    21 |    29 ||    50
Evoke: Wand              |       |       |       |     2 |     8 ||    10
  Use: Scroll            |     1 |     1 |    16 |    15 |     6 ||    39
       Potion            |       |       |     1 |     3 |     5 ||     9
 Stab: Sleeping          |       |     2 |     1 |     3 |     1 ||     7
       Confused          |       |     1 |     8 |    13 |     2 ||    24
       Invisible         |       |       |       |    13 |    20 ||    33
       Fleeing           |       |       |       |     1 |       ||     1
       Distracted        |       |       |       |       |     1 ||     1
  Eat: Chunk             |     2 |    11 |    15 |    39 |    22 ||    89
       Fruit             |       |       |       |     2 |     8 ||    10
